 Dungeon Sprint DCSS version 0.27.1-33-g824d729ab1 (webtiles) character file.

Game seed: 13748497773745842244

1234 manyhoops the Grappler (level 8, -4/96 HPs)
             Began as a Troll Berserker on Nov 29, 2021.
             Was an Elder of Trog.
             Slain by Sonja (16 damage)
             ... in the Dungeon (Sprint I: "Red Sonja").
             The game lasted 00:02:09 (430 turns).

manyhoops the Grappler (Troll Berserker)             Turns: 430, Time: 00:02:09

Health: -4/96      AC:  0    Str: 28    XL:     8   Next: 24%
Magic:  7/7        EV: 14    Int:  3    God:    Trog [****..]
Gold:   440        SH:  0    Dex:  9    Spells: 7/7 levels left

rFire    . . .     SeeInvis .     - Unarmed
rCold    . . .     Faith    .   (shield currently unavailable)
rNeg     . . .     Spirit   .   (armour currently unavailable)
rPois    .         Reflect  .   (helmet currently unavailable)
rElec    .         Harm     .   (cloak currently unavailable)
rCorr    .         Rampage  .   (gloves unavailable)
Will     .....     NoTele   +   (boots unavailable)
Stlth    +.........             (no amulet)
HPRegen  1.26/turn              (ring currently unavailable)
MPRegen  0.10/turn              (ring currently unavailable)

@: pig-form, on berserk cooldown, hasted and slowed, very quick
A: fast, no casting, small, unfitting armour, (claws 3), regeneration 1, (shaggy
fur 1), (tough skin 1)
a: Renounce Religion, Berserk, Trog's Hand, Brothers in Arms


You were in the Dungeon.
You worshipped Trog.
Trog was greatly pleased with you.
You were a filthy swine.
You visited 1 branch You collected 440 gold pieces.

Inventory:

Armour
 a - a +0 animal skin (melded)
Wands
 h - a wand of charming (7)
Scrolls
 g - a scroll of blinking
Potions
 e - 2 potions of magic
 f - a potion of berserk rage


   Skills:
 + Level 10.6 Fighting
 - Level 2.4 Dodging
 + Level 13.4 Unarmed Combat


You had 7 spell levels left.
You didn't know any spells.
Your spell library was empty.

Dungeon Overview and Level Annotations

Branches:
Dungeon (1/1)

Altars:
Cheibriados
Dithmenos
Elyvilon
Fedhas
Gozag
Hepliaklqana
Kikubaaqudgha
Makhleb
Nemelex Xobeh
Okawaru
Qazlal
Ru
Sif Muna
Trog
Uskayaw
Vehumet
Wu Jian
Xom
Yredelemnul
Zin
The Shining One
Jiyva
Lugonu

Shops:
D =

Annotations:
D Sonja


Innate Abilities, Weirdness & Mutations

You are a filthy swine.
You move quickly.
Your equipment is almost entirely melded.
You are incapable of wielding weapons or throwing items.
You cannot cast spells.
You are too large for most types of armour.
((You have claws for hands.))
Your natural rate of healing is unusually fast.
((You are covered in fur. (AC +1)))
((You have tough skin. (AC +1)))


Message History

You feel yourself slow down.
Sonja throws a curare-tipped dart.
The curare-tipped dart misses you.
Okay, then.
You feel yourself speed up.
Sonja hits you with a +0 dagger of distortion.
Space bends around you.
Sonja hits you with a +0 dagger of distortion.
Space bends around you.
Sonja hits you with a +0 dagger of distortion!
Sonja closely misses you.
Sonja hits you with a +0 dagger of distortion! x2
Space bends around you.
You closely miss Sonja.
Sonja mumbles some strange words.
Sonja blinks!
Unknown command.
You now have 440 gold pieces (gained 27).
Sonja throws a curare-tipped dart.
The curare-tipped dart hits you.
You are poisoned.
You have difficulty breathing.
You feel as though you will be slow longer.
You feel sick.
Sonja zaps a wand.
There is an open door here.
You feel better.
Sonja hits you with a +0 dagger of distortion!
Space bends around you.
Sonja hits you with a +0 dagger of distortion.
Space warps horribly around you!
Sonja hits you with a +0 dagger of distortion.
Space bends around you.
You feel much better.
Sonja hits you with a +0 dagger of distortion!
Space warps horribly around you!!
* * * LOW HITPOINT WARNING * * *
Sonja hits you with a +0 dagger of distortion.
* * * LOW HITPOINT WARNING * * *
Sonja hits you with a +0 dagger of distortion.
* * * LOW HITPOINT WARNING * * *
Space warps horribly around you!
You die...

#<.#..)..#..'..#__#..'.).#
#..)..#..').#..'..'..#...#
#..#####'#####'#__####)..+
#..####..#...#:#### #####
#..#__####..##.#
#..#_____##'#_.+
#⌠⌠#_.∩...'..._#
####_..__##_K#'#
#_____###h#.#
#########.### +$..+ #$.$#
##.## #+#


You could see Sonja.

Vanquished Creatures
  2 kobold demonologists (D)
  A slime creature (D)
  A yak (D)
  Sigmund (D)
  A floating eye (D)
  An ogre (D)
  A jelly (D)
  Ijyb (D)
9 creatures vanquished.

Notes
Turn   | Place    | Note
-------+----------+-------------------------------------------
     0 | D        | manyhoops the Troll Berserker began the quest for the Orb.
     0 | D        | Reached XP level 1. HP: 22/22 MP: 0/0
     1 | D        | Noticed Ijyb
    15 | D        | Killed Ijyb
    16 | D        | Reached skill level 5 in Unarmed Combat
    16 | D        | Reached XP level 2. HP: 11/32 MP: 1/1
    60 | D        | Noticed an ogre
    63 | D        | Killed an ogre
    64 | D        | Reached skill level 5 in Fighting
    64 | D        | Reached skill level 7 in Unarmed Combat
    64 | D        | Reached XP level 3. HP: 44/44 MP: 2/2
    64 | D        | Reached XP level 4. HP: 52/52 MP: 3/3
   109 | D        | Noticed Sigmund
   115 | D        | Killed Sigmund
   115 | D        | Reached ** piety under Trog
   116 | D        | Reached skill level 9 in Unarmed Combat
   116 | D        | Reached XP level 5. HP: 62/62 MP: 4/4
   169 | D        | Found an ornate altar of the Wu Jian Council.
   169 | D        | Found a shimmering blue altar of Sif Muna.
   171 | D        | Found a radiant altar of Vehumet.
   176 | D        | Reached XP level 6. HP: 72/72 MP: 5/5
   214 | D        | Found Ihuucroy's Jewellery Emporium.
   214 | D        | Found an ancient bone altar of Kikubaaqudgha.
   214 | D        | Found a hazy altar of Hepliaklqana.
   214 | D        | Found a stormy altar of Qazlal.
   214 | D        | Found a hide-covered altar of Uskayaw.
   214 | D        | Found a blossoming altar of Fedhas.
   214 | D        | Found a bloodstained altar of Trog.
   214 | D        | Found an iron altar of Okawaru.
   214 | D        | Found a basalt altar of Yredelemnul.
   214 | D        | Found a glowing golden altar of the Shining One.
   214 | D        | Found a snail-covered altar of Cheibriados.
   214 | D        | Found a sacrificial altar of Ru.
   214 | D        | Found a glowing silver altar of Zin.
   214 | D        | Found a shadowy altar of Dithmenos.
   214 | D        | Found a white marble altar of Elyvilon.
   214 | D        | Noticed a yak
   219 | D        | Killed a yak
   220 | D        | Reached skill level 10 in Unarmed Combat
   220 | D        | Found an opulent altar of Gozag.
   221 | D        | Found a sparkling altar of Nemelex Xobeh.
   277 | D        | Found a burning altar of Makhleb.
   277 | D        | Found a viscous altar of Jiyva.
   277 | D        | Found a shimmering altar of Xom.
   277 | D        | Found a corrupted altar of Lugonu.
   277 | D        | Noticed a slime creature
   282 | D        | Killed a slime creature
   282 | D        | Reached *** piety under Trog
   283 | D        | Reached skill level 11 in Unarmed Combat
   283 | D        | Reached XP level 7. HP: 83/83 MP: 6/6
   347 | D        | Noticed a kobold demonologist
   348 | D        | Noticed a kobold demonologist
   353 | D        | Reached skill level 12 in Unarmed Combat
   356 | D        | Killed a kobold demonologist
   357 | D        | Reached skill level 10 in Fighting
   359 | D        | Noticed a sun demon
   361 | D        | Killed a kobold demonologist
   361 | D        | Reached **** piety under Trog
   362 | D        | Reached skill level 13 in Unarmed Combat
   362 | D        | Reached XP level 8. HP: 64/96 MP: 7/7
   417 | D        | Noticed Sonja
   430 | D        | Slain by Sonja

Illustrated notes

Levels and vault maps discovered:
D:        dungeon_sprint_1 [red_sonja_temple_1, red_sonja_temple_small_1]

Skill      XL: |  1  2  3  4  5  6  7 |
---------------+----------------------+-----
Fighting       | 4 5 7 9 10 | 10.6
Unarmed Combat | 5 7 9 11 13 | 13.4
Dodging        | |  2.4

Action                   |  1- 3 |  4- 6 |  7- 9 || total
-------------------------+-------+-------+-------++-------
Melee: Unarmed           |    15 |    14 |    13 ||    42
       Punch             |       |       |     2 ||     2
Invok: Berserk           |     2 |     4 |     2 ||     8
       Trog's Hand       |       |       |     1 ||     1
  Use: Potion            |       |       |     3 ||     3
Armor: Animal skin       |       |       |     3 ||     3
Dodge: Dodged            |       |     3 |    16 ||    19
